 Dungeon Crawl Stone Soup version 0.29.1-13-g9f3cf754e1 (webtiles) character file.

Game seed: 2623572720661151023

509 bjubeck the Chopper (level 7, 0/63 HPs)
             Began as a Hill Orc Berserker on Feb 6, 2023.
             Was a Believer of Trog.
             Slain by a gnoll bouda
             ... wielding a +0 club
              (8 damage)
             ... on level 5 of the Dungeon on Feb 7, 2023.
             The game lasted 00:13:35 (5066 turns).

bjubeck the Chopper (Hill Orc Berserker)            Turns: 5066, Time: 00:13:36

Health: 0/63       AC: 11    Str: 22    XL:     7   Next: 19%
Magic:  7/7        EV: 10    Int:  7    God:    Trog [**....]
Gold:   102        SH:  5    Dex: 10    Spells: 6/6 levels left

rFire   . . .      SeeInvis .   a - +0 hand axe
rCold   . . .      Faith    .   u - +2 buckler
rNeg    . . .      Spirit   .   v - +0 scale mail
rPois   .          Reflect  .   j - +2 helmet
rElec   .          Harm     .   (no cloak)
rCorr   .          Rampage  .   (no gloves)
Will    .....                   o - +0 pair of boots
Stlth   ..........              (no amulet)
HPRegen 0.20/turn               (no ring)
MPRegen 0.10/turn               (no ring)

@: about to teleport, weakened, on berserk cooldown, slowed, very slow
A: no striking features
a: Renounce Religion, Berserk, Trog's Hand


You were on level 5 of the Dungeon.
You worshipped Trog.
Trog was pleased with you.
You visited 1 branch of the dungeon, and saw 5 of its levels.

You collected 267 gold pieces.
You spent 165 gold pieces at shops.

Inventory:

Hand Weapons
 a - a +0 hand axe (weapon)
Missiles
 g - 3 poisoned darts (quivered)
 h - 4 silver javelins
 w - 5 boomerangs
Armour
 b - a +0 animal skin
 j - a +2 helmet (worn)
 o - a +0 pair of boots (worn)
 u - a +2 buckler (worn)
 v - a +0 scale mail (worn)
 x - a +0 helmet of intelligence
Wands
 s - a wand of digging (5)
Scrolls
 c - a scroll of torment {unknown}
 d - 2 scrolls of fog {unknown}
 e - a scroll of vulnerability {unknown}
 f - a scroll of poison {unknown}
 i - 2 scrolls of blinking {unknown}
 l - 2 scrolls of enchant weapon {unknown}
 m - a scroll of fear {unknown}
 n - 3 scrolls of identify {unknown}
 p - 3 scrolls of teleportation
 q - 3 scrolls of enchant armour {unknown}
Potions
 k - a potion of curing
 r - a potion of magic {unknown}
 t - a potion of attraction {unknown}


   Skills:
 + Level 6.0 Fighting
 + Level 6.6 Axes
 + Level 4.9 Armour
 - Level 2.4 Dodging


You had 6 spell levels left.
You didn't know any spells.
Your spell library was empty.

Dungeon Overview and Level Annotations

Branches:
Dungeon (5/15)             Temple (0/1) D:5

Altars:
Hepliaklqana
Makhleb
Ru
Wu Jian
Xom

Shops:
D:1 (   D:3 [?(


Message History

The gnoll bouda hits you but does no damage.
The gnoll hits you with a +0 spear. You block the gnoll's attack.
You hit the gnoll.
The gnoll is severely wounded.
You hit the gnoll but do no damage. You closely miss the gnoll bouda.
The gnoll is no longer moving quickly.
The gnoll bouda hits you with a +0 club.
The gnoll hits you but does no damage. The gnoll hits you with a +0 flail.
The gnoll bouda hits you but does no damage.
You hit the gnoll.
You kill the gnoll!
Trog accepts your kill.
You hit the gnoll but do no damage.
You hit the gnoll bouda but do no damage.
The gnoll is no longer moving quickly.
The gnoll hits you with a +0 flail.
The gnoll bouda hits you with a +0 club.
The gnoll hits you with a +0 flail. The gnoll barely misses you.
You hit the gnoll but do no damage. You barely miss the gnoll bouda.
You hit the gnoll. The gnoll bouda closely misses you.
The gnoll hits you with a +0 flail!
* * * LOW HITPOINT WARNING * * *
The gnoll hits you but does no damage.
The gnoll bouda gazes fiercely through you!
You feel your attacks grow feeble. The gnoll bouda barely misses you.
You slash the gnoll!
The gnoll is heavily wounded.
You hit the gnoll. You completely miss the gnoll bouda.
The gnoll hits you but does no damage. x2
The gnoll bouda barks out a call to the hunt!
The gnolls pick up the pace!
The gnoll hits you with a +0 flail.
* * * LOW HITPOINT WARNING * * *
The gnoll hits you with a +0 flail.
* * * LOW HITPOINT WARNING * * *
Unknown command.
As you read the scroll labelled RIMOX BIONU, it crumbles to dust.
You feel strangely unstable.
It was a scroll of teleportation.
The gnoll bouda hits you with a +0 club!
You die...

..# .. ..## ####
..## .... ## ...#
# ......# #..#
..##...#..## #..#
#..#.#..[.# #.g#
.#....#..#.###@##
...#....##..##gg#
#.....>.....#...#
..##....#..(...#
#.#..#....#.#####
#.g..#.#..#.#
....#...##..#
#........##
###..###.#


You could see a gnoll bouda and 2 gnolls.

Vanquished Creatures
  The ghost of croobank the Conjurer, an amateur DsCj (D:3)
  A crimson imp (D:3)
  2 orc priests (D:3)
  Terence (D:3)
  An iguana (D:4)
  3 orc wizards
  3 adders
  8 gnolls
  2 ufetubi (D:4)
  2 worms
  2 dart slugs (D:1)
  12 orcs
  4 bats
  8 endoplasms
  3 giant cockroaches
  8 goblins
  2 hobgoblins
  3 jackals (D:1)
  4 quokkas
  6 ball pythons
  3 frilled lizards
  9 kobolds
  6 rats
94 creatures vanquished.

Vanquished Creatures (others)
  14 plants (D:3)
14 creatures vanquished.

Grand Total: 108 creatures vanquished

Notes
Turn   | Place    | Note
-------+----------+-------------------------------------------
     0 | D:1      | bjubeck the Hill Orc Berserker began the quest for the Orb.
     0 | D:1      | Reached XP level 1. HP: 19/19 MP: 1/1
    35 | D:1      | Reached XP level 2. HP: 6/27 MP: 2/2
   706 | D:1      | Reached XP level 3. HP: 32/33 MP: 3/3
   755 | D:1      | Found Xucze's Antique Weapon Boutique.
   966 | D:1      | Found a faded altar of an unknown god.
  1253 | D:2      | Reached ** piety under Trog
  1507 | D:2      | Reached XP level 4. HP: 40/40 MP: 4/4
  1733 | D:2      | Identified the +3 short sword of Wrongful Imprisonment
                  | {vamp, rPois}
  2265 | D:3      | Found a runed translucent door.
  2271 | D:3      | Noticed croobank's ghost (amateur DsCj)
  2380 | D:3      | Found a shimmering altar of Xom.
  2380 | D:3      | Found a burning altar of Makhleb.
  2445 | D:3      | HP: 2/40 [crimson imp/+0 dagger of chaos (15)]
  2448 | D:3      | Reached skill level 5 in Axes
  2448 | D:3      | Reached XP level 5. HP: 3/47 MP: 5/5
  2761 | D:3      | Found Ruocs's Magic Scroll Shoppe.
  2862 | D:3      | Reached skill level 5 in Fighting
  3007 | D:3      | Found a sacrificial altar of Ru.
  3050 | D:3      | Noticed Terence
  3069 | D:3      | Killed Terence
  3288 | D:3      | Found Agav's Antique Armour Shop.
  3310 | D:3      | Bought a glowing buckler for 165 gold pieces
  3403 | D:3      | Reached XP level 6. HP: 42/56 MP: 6/6
  3671 | D:3      | Found an ornate altar of the Wu Jian Council.
  3732 | D:3      | Found a runed translucent door.
  3800 | D:3      | Found Buseumuf's Antique Weapon Shop.
  4016 | D:3      | Killed croobank's ghost
  4396 | D:4      | Found a hazy altar of Hepliaklqana.
  4447 | D:4      | Reached XP level 7. HP: 58/62 MP: 7/7
  4958 | D:5      | Entered Level 5 of the Dungeon
  5028 | D:5      | Found a staircase to the Ecumenical Temple.
  5066 | D:5      | Slain by a gnoll bouda

Illustrated notes

Levels and vault maps discovered:
D:1:      dpeg_arrival_rooms_b, layout_rooms, serial_shops, nicolae_shop_stone,
          shapermc_ecumenical_altar_pompeii, corexii_hall_statues_l
D:2:      layout_basic
D:3:      layout_basic, grunt_temple_overflow_champion_of_chaos,
          amcnicky_altar_gilded, mainiacjoe_overflow_tiny_flanked, serial_shops,
          shop, nicolae_shop_trees, nicolae_shop_waterfront,
          ebering_ghost_sewer_f, chequers_big_river, uniq_terence
D:4:      layout_rooms, mainiacjoe_overflow_boulevard
D:5:      layout_layer_cave, minmay_temple_entry_mini_moons

Skill      XL: |  1  2  3  4  5  6  7 |
---------------+----------------------+-----
Fighting       | 4 5 6 |  6.0
Dodging        | 2 |  2.4
Armour         | 3 4 |  4.9
Axes           | 5 6 |  6.6

Action                   |  1- 3 |  4- 6 |  7- 9 || total
-------------------------+-------+-------+-------++-------
Melee: Hand axe          |    90 |   218 |    48 ||   356
       Punch             |     1 |       |       ||     1
Invok: Berserk           |     2 |     5 |     1 ||     8
       Trog's Hand       |       |     1 |       ||     1
  Use: Potion            |       |     2 |       ||     2
       Scroll            |       |       |     1 ||     1
 Stab: Sleeping          |     1 |       |       ||     1
Armor: Animal skin       |    15 |    29 |       ||    44
       Scale mail        |       |    70 |    32 ||   102
Dodge: Dodged            |    59 |    83 |    32 ||   174
Block: Buckler           |       |    14 |    11 ||    25
